 Dungeon Crawl Stone Soup version 0.32-a0-20-ge526923d97 (webtiles) character file.

Game seed: 12716866362303241169

571 Newt the Skirmisher (level 7, -1/66 HPs)
             Began as a Kobold Hunter on Jan 17, 2024.
             Killed from afar by an orc wizard (10 damage)
             ... with a puff of flame
             ... on level 5 of the Dungeon.
             The game lasted 00:04:19 (4405 turns).

Newt the Skirmisher (Kobold Hunter)                 Turns: 4405, Time: 00:04:20

Health: -1/66      AC: 23    Str:  6 (9)  XL:     7   Next: 60%
Magic:  7/7        EV:  3    Int: 10      God:
Gold:   246        SH:  0    Dex: 17 (20) Spells: 6/6 levels left

rFire   . . .        a - +0 shortbow
rCold   . . .        (shield currently unavailable)
rNeg    . . .        h - melded +1 leather armour {rPois}
rPois   +            (helmet currently unavailable)
rElec   .            (cloak currently unavailable)
rCorr   +            (gloves currently unavailable)
SInv    .            (boots currently unavailable)
Will    .....        (no amulet)
Stlth   +++          i - ring of resist corrosion
HPRegen 0.31/turn    (no ring)
MPRegen 0.10/turn

%: no passive effects
@: mighty, tree-form, on berserk cooldown, attractive, slowed, very slow
A: stationary, stasis, torment immunity, boosted hp, small, no large weapons,
nightstalker 3
a: no special abilities


You were on level 5 of the Dungeon.
You were a tree.
You visited 1 branch of the dungeon, and saw 5 of its levels.

You collected 246 gold pieces.

Inventory:

Hand Weapons
 a - a +0 shortbow (weapon)
Armour
 c - a +0 leather armour
 h - a +1 leather armour of poison resistance (melded)
Jewellery
 i - a ring of resist corrosion (left branch)
 p - a ring of ice
Wands
 g - a wand of flame (13)
Scrolls
 b - a scroll of butterflies
 m - 3 scrolls of noise {unknown}
 o - a scroll of enchant armour
 q - a scroll of amnesia {unknown}
Potions
 e - a potion of brilliance
 n - a potion of might


   Skills:
 + Level 4.6 Fighting
 - Level 9.0 Ranged Weapons
 - Level 5.0 Dodging
 - Level 1.3 Stealth


You had 6 spell levels left.
You didn't know any spells.
Your spell library contained the following spells:

 Spells                   Type           Power      Damage    Failure   Level
 Sandblast                Erth           0%         2d4       36%         1
 Mercury Vapours          Alch/Air       0%         N/A       50%         2
 Fugue of the Fallen      Necr           0%         N/A       75%         3
 Mephitic Cloud           Conj/Alch/Air  0%         N/A       75%         3
 Ozocubu's Armour         Ice            0%         N/A       75%         3
 Passwall                 Erth           0%         N/A       75%         3
 Stone Arrow              Conj/Erth      0%         3d7       75%         3
 Brom's Barrelling Bould  Conj/Erth      0%         2d3       98%         4
 Manifold Assault         Tloc           0%         N/A       98%         4
 Freezing Cloud           Conj/Ice/Air   0%         6-21      100%        5


Dungeon Overview and Level Annotations

Branches:
Dungeon (5/15)
 Temple: D:4-7

Altars:
Makhleb
The Shining One

Annotations:
D:2 1 runed translucent door, Crazy Yiuf


Innate Abilities, Weirdness & Mutations

You are a tree.
Your roots penetrate the ground, keeping you stationary.
You cannot be teleported.
You are immune to unholy pain and torment.
Your maximum health is greatly increased.
Your equipment is partially melded.
You are small and have problems with some larger weapons.
You are completely attuned to the shadows.


Message History

You cannot move.
You cannot move.
You are too berserk!
You are too berserk!
You are too berserk!
You are too berserk!
You are too berserk!
You cannot move.
You are too berserk!
You are too berserk!
You are too berserk!
You are too berserk!
You are too berserk!
You are too berserk!
You are too berserk!
You are too berserk!
You cannot move.
You cannot move.
You cannot move.
You cannot move.
There is a strange disturbance nearby!
Sorry, you're not good enough to have a special ability.
You cannot move.
There is a strange disturbance nearby!
There is a strange disturbance nearby!
There is a strange disturbance nearby!
Something hits you but does no damage.
You feel a strong urge to attack something.
Something hits you but does no damage.
You feel your anger nearly subside.
You are no longer berserk.
You are exhausted.
You feel yourself slow down. Something hits you.
* * * LOW HITPOINT WARNING * * *
You shoot an arrow.
Something hits you but does no damage. x2
You shoot an arrow. Something hits you but does no damage.
You shoot an arrow.
An orc wizard appears from thin air!
Reactivating autopickup.
The orc wizard gestures at you while chanting.
The puff of flame hits you!
You die...

.####.###
.......#
####.###
#.#####
####......
...#.#####
......#
+#...##
#♣o♣# ##$#
+))# #..#
...# ...#


You could see an orc wizard.

Vanquished Creatures
  2 ice beasts (D:5)
  A scorpion (D:5)
  A bombardier beetle (D:3)
  An orc priest (D:5)
  2 iguanas (D:4)
  Ijyb (D:4)
  2 orc wizards
  4 adders
  A white imp (D:4)
  A dart slug (D:2)
  A ribbon worm (D:2)
  13 orcs
  7 bats
  3 endoplasms
  5 giant cockroaches
  7 goblins
  5 hobgoblins
  5 jackals
  5 kobolds
  2 quokkas
  11 ball pythons
  3 frilled lizards
  6 rats
89 creatures vanquished.

Notes
Turn   | Place    | Note
-------+----------+-------------------------------------------
     0 | D:1      | Newt the Kobold Hunter began the quest for the Orb.
     0 | D:1      | Reached XP level 1. HP: 12/12 MP: 1/1
   187 | D:1      | Reached XP level 2. HP: 18/18 MP: 2/2
   548 | D:1      | Reached XP level 3. HP: 23/23 MP: 3/3
  1038 | D:2      | You fall into a shaft and drop 1 floor!
  1074 | D:3      | Reached XP level 4. HP: 17/29 MP: 4/4
  1270 | D:2      | Reached skill level 6 in Ranged Weapons
  1358 | D:2      | Found a runed translucent door.
  1361 | D:2      | Noticed Crazy Yiuf
  2375 | D:3      | Reached skill level 7 in Ranged Weapons
  2375 | D:3      | Reached XP level 5. HP: 33/33 MP: 5/5
  2798 | D:4      | Noticed Ijyb
  2829 | D:4      | Killed Ijyb
  2910 | D:4      | Reached XP level 6. HP: 38/38 MP: 6/6
  3026 | D:4      | Reached skill level 8 in Ranged Weapons
  3954 | D:5      | Entered Level 5 of the Dungeon
  3977 | D:5      | Reached skill level 9 in Ranged Weapons
  4187 | D:5      | Found a burning altar of Makhleb.
  4187 | D:5      | Found a glowing golden altar of the Shining One.
  4265 | D:5      | Noticed an ice beast
  4285 | D:5      | Killed an ice beast
  4286 | D:5      | Reached XP level 7. HP: 35/43 MP: 7/7
  4399 | D:5      | Reached skill level 5 in Dodging
  4405 | D:5      | Killed from afar by an orc wizard

Illustrated notes

Levels and vault maps discovered:
D:1:      dpeg_arrival_tiny_a, layout_loops_corners
D:2:      layout_loops_corners, hex_medium, uniq_crazy_yiuf_cottage
D:3:      layout_rooms
D:4:      layout_loops_corners, uniq_ijyb
D:5:      minmay_octagon_keep, layout_basic, gammafunk_temple_overflow_wave,
          nicolae_ru_the_path_less_chosen, serial_shops, shop, shop,
          nicolae_shop_real_fake_doors

Skill      XL: |  1  2  3  4  5  6  7 |
---------------+----------------------+-----
Fighting       | 3 4 |  4.6
Ranged Weapons | 7 9 |  9.0
Dodging        | 4 5 |  5.0
Stealth        | |  1.3

Action                     |  1- 3 |  4- 6 |  7- 9 || total
---------------------------+-------+-------+-------++-------
  Melee: Shortbow          |       |     2 |     6 ||     8
   Fire: Shortbow          |    92 |   185 |    23 ||   300
  Evoke: Wand              |       |       |     1 ||     1
    Use: Scroll            |     1 |     7 |       ||     8
         Potion            |       |     5 |     5 ||    10
 Armour: Leather armour    |    24 |    51 |    16 ||    91
         Skin              |       |       |    23 ||    23
  Dodge: Dodged            |    31 |    63 |    21 ||   115

Table legend: (Time is in decaauts)
 A = Elapsed time spent in this place.
 B = Non-inter-level travel time spent in this place.
 C = Inter-level travel time spent in this place.
 D = Time resting spent in this place.
 E = Time spent auto-exploring this place.
 F = Levels seen in this place.
 G = Mean time per level.
                   A        B        C        D        E       F      G
               +--------+--------+--------+--------+--------+-----+--------+
         Total |   4434 |   4309 |    125 |    185 |   3604 |   5 |  886.8 |
       Dungeon |   4434 |   4309 |    125 |    185 |   3604 |   5 |  886.8 |
               +--------+--------+--------+--------+--------+-----+--------+

Top non-repeatable levels by time:
     D:2: 1201 daAuts
     D:4: 1169 daAuts
     D:1: 904 daAuts
     D:3: 707 daAuts
     D:5: 451 daAuts
